 Dungeon Crawl Stone Soup version 0.28.0-53-g5a82cb258f (webtiles) character file.

Game seed: 13767276521451140538

19 bnorton916 the Firebug (level 2, 0/15 HPs)
             Began as a Deep Elf Fire Elementalist on Aug 11, 2022.
             Slain by a quokka (4 damage)
             ... on level 1 of the Dungeon.
             The game lasted 00:00:46 (937 turns).

bnorton916 the Firebug (Deep Elf Fire Elementalist)  Turns: 937, Time: 00:00:46

Health: 0/15       AC:  2    Str:  5    XL:     2   Next: 55%
Magic:  5/8        EV: 12    Int: 19    God:
Gold:   24         SH:  0    Dex: 15    Spells: 7/8 levels left

rFire   . . .      SeeInvis .   (no weapon)
rCold   . . .      Faith    .   (no shield)
rNeg    . . .      Spirit   .   a - +0 robe
rPois   .          Reflect  .   (no helmet)
rElec   .          Harm     .   (no cloak)
rCorr   .          Rampage  .   (no gloves)
Will    .....                   (no boots)
Stlth   ++........              (no amulet)
HPRegen 0.05/turn               (no ring)
MPRegen 0.11/turn               (no ring)

@: no status effects
A: no striking features
a: no special abilities


You were on level 1 of the Dungeon.
You visited 1 branch of the dungeon, and saw 2 of its levels.

You collected 24 gold pieces.

Inventory:

Missiles
 d - 23 stones
Armour
 a - a +0 robe (worn)
Magical Staves
 f - a staff of air
Wands
 e - a wand of flame (24)
Potions
 b - a potion of cancellation {unknown}
 c - a potion of invisibility {unknown}


   Skills:
 - Level 2.4 Dodging
 - Level 2.4 Stealth
 + Level 3.6 Spellcasting
 + Level 1.8 Conjurations
 + Level 3.6 Fire Magic


You had 7 spell levels left.
You knew the following spells:

 Your Spells              Type           Power      Damage    Failure   Level
a - Foxfire               Conj/Fire      52%        2x1d6     4%          1

Your spell library contained the following spells:

 Spells                   Type           Power      Damage    Failure   Level
 Scorch                   Fire           34%        2d6       4%          2
 Conjure Flame            Conj/Fire      13%        6-21      14%         3
 Inner Flame              Hex/Fire       10%        N/A       21%         3
 Confusing Touch          Hex            3%         N/A       41%         3
 Flame Wave               Conj/Fire      13%        2d6       43%         4
 Yara's Violent Unravell  Hex/Tmut       1%         3d3       99%         5
 Enfeeble                 Hex            1%         N/A       100%        7


Dungeon Overview and Level Annotations

Branches:
Dungeon (2/15)

Altars:


Message History

There is a stone staircase leading down here.
There are monsters nearby!
You climb downwards.
There is a stone staircase leading up here.
You climb upwards.
The quokka barely misses you. The quokka misses you.
There is a stone staircase leading down here.
Casting: Foxfire (safe; 4% risk of failure)
Confirm with . or Enter, or press ? or * to list all spells.
You conjure some foxfire!
The kobold shouts!
You hear an angry hiss.
The quokka bites you.
The foxfire hits the giant cockroach.
The giant cockroach is severely wounded.
The foxfire hits the quokka.
The quokka is lightly wounded.
The giant cockroach bites you but does no damage.
The quokka bites you.
A rat comes into view.
Casting: Foxfire (safe; 4% risk of failure)
Confirm with . or Enter, or press ? or * to list all spells.
You conjure some foxfire!
The quokka bites you but does no damage.
The giant cockroach bites you. The quokka bites you.
The giant cockroach barely misses you.
The foxfire hits the quokka.
The quokka is almost dead.
The foxfire hits the giant cockroach.
You kill the giant cockroach!
The quokka closely misses you.
The kobold throws a stone.
The stone barely misses you.
Casting: Foxfire (safe; 4% risk of failure)
Confirm with . or Enter, or press ? or * to list all spells.
You conjure some foxfire!
The quokka bites you.
* * * LOW HITPOINT WARNING * * *
The foxfire hits the kobold.
The kobold is moderately wounded.
The foxfire hits the kobold.
You kill the kobold!
The quokka bites you.
You die...

#.........
#...............#
#.._............
. ##...⌠.........
.. ##..?..#.....
..#
###.......#...#
#..........#
#...§....#
#...§@)..#
#.....r..#
#........r...
#......##..##
#......# .#
######## #


You could see a quokka and a rat.

Vanquished Creatures
  A worm (D:2)
  A dart slug (D:1)
  A bat (D:2)
  3 endoplasms (D:1)
  2 giant cockroaches (D:1)
  A hobgoblin (D:1)
  3 ball pythons (D:1)
  2 kobolds (D:1)
  A rat (D:1)
15 creatures vanquished.

Vanquished Creatures (others)
  73 foxfires
73 creatures vanquished.

Grand Total: 88 creatures vanquished

Notes
Turn   | Place    | Note
-------+----------+-------------------------------------------
     0 | D:1      | bnorton916 the Deep Elf Fire Elementalist began the quest
                  | for the Orb.
     0 | D:1      | Reached XP level 1. HP: 10/10 MP: 6/6
   393 | D:1      | Reached XP level 2. HP: 15/15 MP: 6/8
   706 | D:1      | Found a faded altar of an unknown god.
   709 | D:1      | You fall into a shaft and drop 1 floor!
   937 | D:1      | Slain by a quokka

Illustrated notes

Levels and vault maps discovered:
D:1:      dpeg_arrival_tiny_i, layout_rooms, ebering_ecumenical_altar_abandoned,
          lemuel_flame_loot_1
D:2:      layout_basic, hex_intersection

Action                   || total
-------------------------++-------
 Cast: Foxfire           ||    48
Armor: Robe              ||     2
Dodge: Dodged            ||     8
